 Dungeon Crawl Stone Soup version 0.22-a0-542-gce4f928 (webtiles) character file.

46 inc the Vexing (level 3, 14/14 HPs)
             Began as a Felid Enchanter on June 24, 2018.
             Quit the game on level 3 of the Dungeon.
             The game lasted 00:04:44 (3001 turns).

inc the Vexing (Felid Enchanter)                    Turns: 3001, Time: 00:04:44

Health: 14/14      AC:  1    Str:  7    XL:     3   Next: 44%
Magic:  7/7        EV: 18    Int: 17    God:
Gold:   90         SH:  0    Dex: 16    Spells: 3/6 levels left
                                        Lives:  0   Deaths: 1

rFire    . . .     SeeInvis +     - Unarmed
rCold    . . .     Gourm    .   (shield unavailable)
rNeg     . . .     Faith    .   (armour unavailable)
rPois    .         Spirit   .   (helmet unavailable)
rElec    .         Reflect  .   (cloak unavailable)
rCorr    .         Harm     .   (gloves unavailable)
MR       .....                  (boots unavailable)
Stlth    +++.......             (no amulet)
HPRegen  0.04/turn              i - +3 ring of strength
MPRegen  0.10/turn              (no ring)

@: quick
A: very small, no armour, no weapons or thrown items, stealth, claws 1, fangs 3,
see invisible, carnivore, speed 1, shaggy fur 1, slow metabolism 1, sharp paws
a: no special abilities


You were on level 3 of the Dungeon.
You were not hungry.

You visited 1 branch of the dungeon, and saw 3 of its levels.

You collected 90 gold pieces.

Inventory:

Jewellery
 i - a +3 ring of strength (left paw)
Wands
 j - a wand of iceblast (9)
Scrolls
 a - 4 scrolls of remove curse {unknown}
 d - a scroll of immolation {unknown}
 e - a scroll of amnesia {unknown}
 f - a scroll of teleportation {unknown}
 h - a scroll of magic mapping {unknown}
 k - a scroll of identify {unknown}
 l - a scroll of fog {unknown}
Potions
 c - a potion of curing {unknown}
 g - a potion of agility
 m - a potion of might {unknown}
Comestibles
 b - 4 rations


   Skills:
 - Level 2.6 Dodging
 - Level 4.0 Stealth
 - Level 4.1 Unarmed Combat
 - Level 2.0 Spellcasting
 - Level 4.4 Hexes
 + Level 0.9 Ice Magic


You had 3 spell levels left.
You knew the following spells:

 Your Spells              Type           Power        Failure   Level  Hunger
a - Corona                Hex            ###....      3%          1    #......
b - Ensorcelled Hibernat  Hex/Ice        ##....       10%         2    ###....

Your spell library contained the following spells:

 Spells                   Type           Power        Failure   Level  Hunger
 Confuse                  Hex            ###.....     10%         3    ###....
 Tukima's Dance           Hex            ###.....     10%         3    ###....
 Dazzling Spray           Conj/Hex       #.....       24%         3    ###....


Dungeon Overview and Level Annotations

Branches:
Dungeon (3/15)

Altars:
Makhleb
Yredelemnul

Annotations:
D:3 3 runed doors, inc's ghost, amateur OpEE


Innate Abilities, Weirdness & Mutations

You cannot wear armour.
You are incapable of wielding weapons or throwing items.
Your paws allow you to move quietly. (Stealth)
You have sharp claws.
You have razor-sharp teeth.
You have supernaturally acute eyesight. (SInv)
You are carnivorous and can eat meat at any time.
You cover ground quickly.
You are covered in fur. (AC +1)
You have a slow metabolism.
Your sharp claws are effective at attacking unaware monsters.


Message History

Okay, then.
The hound completely misses you.
Found a stone staircase leading down.
Casting: Ensorcelled Hibernation (safe; 10% risk of failure)
Confirm with . or Enter, or press ? or * to list all spells.
Aiming: Ensorcelled Hibernation (safe; 10% risk of failure)
Press: ? - help, Shift-Dir - straight line, f/p - hound
Aim: a hound (chance to defeat MR: 50%)
The hound looks drowsy...
A hobgoblin comes into view. It is wielding a club.
The hound barks!
The hobgoblin shouts!
The hound closely misses you.
Found a stone staircase leading up.
It was a potion of agility.
You feel agile all of a sudden. The hound barely misses you.
The hound bites you.
You die...
You are now level 3!
You rejoin the land of the living...
Are you sure you want to abandon this character and quit the game? (Confirm with "yes".)

.........# #..#.##...# #......#.
.####...... #.....+...# ##.##..+.
gh†......#.##..#.##...####.##..+.
#####..<.......#.##...'....##..+.
#####. ..# #...#.##...####.##..#.
#.... # #...#.###..####.##..#.
.... . #...................## ...
.. .# #..................... #.#
.#..###.#.#@####...[.......#
#'###.#.....<#.#.# ###.#..#.....
.............#.#.######.#..##.#.#
..................)........##.#.#
.....##..#####.#.######.#..##...#
.....##..#####.####...#.#..##....
.....'............'...+.........#
.....##..#####.####...#.#........
#+#'###...........'...+.........#


There were no monsters in sight!

Vanquished Creatures
  3 adders
  4 worms
  5 dart slugs
  A ball python (D:1)
  3 giant cockroaches
  7 hobgoblins
  9 kobolds
  6 bats
  3 frilled lizards
  3 goblins (D:2)
  12 rats
56 creatures vanquished.

Notes
Turn   | Place    | Note
-------+----------+-------------------------------------------
     0 | D:1      | inc the Felid Enchanter began the quest for the Orb.
     0 | D:1      | Reached XP level 1. HP: 7/7 MP: 4/4
   300 | D:1      | Reached XP level 2. HP: 8/11 MP: 6/6
   932 | D:2      | Learned a level 2 spell: Ensorcelled Hibernation
  1023 | D:2      | Reached XP level 3. HP: 14/14 MP: 7/7
  1343 | D:2      | Found a burning altar of Makhleb.
  1804 | D:2      | Reached XP level 4. HP: 18/18 MP: 0/8
  1950 | D:2      | Found a basalt altar of Yredelemnul.
  2465 | D:3      | Found a runed gate.
  2469 | D:3      | Found a runed gate.
  2469 | D:3      | Found a runed gate.
  2469 | D:3      | Noticed inc's ghost (amateur OpEE)
  2476 | D:3      | Noticed a centaur
  2882 | D:3      | Found a faded altar of an unknown god.
  2968 | D:3      | Found a burning altar of Makhleb.
  3000 | D:3      | Slain by a hound
  3001 | D:3      | Reached XP level 3. HP: 0/14 MP: 0/7
  3001 | D:3      | Quit the game

Vault maps used:
D:1:      evilmike_arrival_crescent
D:2:      lemuel_round_altar, yredelemnul_altar_generic
D:3:      chequers_ecumenical_altar_island, gammafunk_ghost_split,
          minmay_item_behind_shaft, nrook_mini_vaults, makhleb_heckhound_becter

Skill      XL: |  1  2  3 |
---------------+----------+-----
Unarmed Combat | 2 3 4 |  4.1
Dodging        | |  2.6
Stealth        | |  4.0
Spellcasting   | |  2.0
Hexes          | |  4.4
Ice Magic      | |  0.9

Action                   |  1- 3 |  4- 6 || total
-------------------------+-------+-------++-------
Melee: Unarmed           |    71 |    18 ||    89
       Bite              |     5 |       ||     5
       Punch             |       |     1 ||     1
 Cast: Ensorcelled Hiber |    18 |    13 ||    31
  Use: Potion            |       |     1 ||     1
 Stab: Sleeping          |    30 |    11 ||    41
  Eat: Chunk             |     2 |     3 ||     5
Armor: Skin              |     1 |     1 ||     2
Dodge: Dodged            |    43 |    11 ||    54

Table legend:
 A = Spawn XP
 B = Non-spawn XP
 C = Spawn XP percentage of total XP
 D = Spawn monster count
 E = Non-spawn monster count
 F = Spawn count percentage of total count
 G = Total turns spent on level
                    A         B        C        D         E        F      G
               +---------+---------+-------+---------+---------+-------+---------
         Total |       0 |     142 |   0.0 |       0 |      56 |   0.0 |  3001
               +---------+---------+-------+---------+---------+-------+---------
           D:1 |       0 |      31 |   0.0 |       0 |      18 |   0.0 |   901
           D:2 |       0 |      86 |   0.0 |       0 |      31 |   0.0 |  1547
           D:3 |       0 |      25 |   0.0 |       0 |       7 |   0.0 |   553
               +---------+---------+-------+---------+---------+-------+---------
